 Dungeon Crawl Stone Soup version 0.29-a0-557-g43b9904bd1 (webtiles) character file.

Game seed: 17084505959770022327

254 Miritol the Bolt Thrower (level 6, -9/35 HPs)
             Began as a Tengu Hunter on June 8, 2022.
             Mangled by an ogre
             ... wielding a +0 giant club
              (16 damage)
             ... on level 4 of the Dungeon.
             The game lasted 00:06:55 (2795 turns).

Miritol the Bolt Thrower (Tengu Hunter)             Turns: 2795, Time: 00:06:56

Health: -9/35      AC:  5    Str: 13    XL:     6   Next: 14%
Magic:  7/7        EV: 17    Int: 17    God:
Gold:   121        SH:  0    Dex: 19    Spells: 5/5 levels left

rFire   + . .      SeeInvis .   b - +2 dagger (freeze)
rCold   . . .      Faith    .   i - orb {light}
rNeg    . . .      Spirit   .   g - +0 leather armour
rPois   +          Reflect  .   (helmet restricted)
rElec   .          Harm     .   m - +1 cloak of Eternal Vigilance {Contam rPois Str+2 Int+7}
rCorr   .          Rampage  .   (no gloves)
Will    .....                   (boots unavailable)
Stlth   +.........              (no amulet)
HPRegen 0.11/turn               f - ring of protection from fire
MPRegen 0.10/turn               (no ring)

@: flying quickly and evasively, glowing, quick
A: beak, talons 3, nimble flight
a: no special abilities


You were on level 4 of the Dungeon.
You visited 1 branch of the dungeon, and saw 4 of its levels.

You collected 121 gold pieces.

Inventory:

Hand Weapons
 a - a +1 hand crossbow
 b - a +2 dagger of freezing (weapon)
Missiles
 n - 6 poisoned darts
Armour
 g - a +0 leather armour (worn)
 i - an orb of light (worn)
 m - the +1 cloak of Eternal Vigilance (worn) {Contam rPois Str+2 Int+7}
   (You found it on level 3 of the Dungeon)

   Str:       It affects your strength (+2).
   Int:       It affects your intelligence (+7).
   rPois:     It protects you from poison.
   Contam:    It causes magical contamination when unequipped.
Jewellery
 f - a ring of protection from fire (left hand)
 l - a +6 ring of intelligence
Scrolls
 c - a scroll of immolation
 d - a scroll of amnesia {unknown}
 h - a scroll of identify {unknown}
Potions
 e - a potion of heal wounds {unknown}
 j - a potion of flight {unknown}
 k - a potion of curing {unknown}
 o - a potion of degeneration {unknown}
 p - 2 potions of attraction {unknown}


   Skills:
 - Level 2.0 Fighting
 + Level 6.4 Crossbows
 + Level 5.0 Dodging
 - Level 1.0 Stealth


You had 5 spell levels left.
You didn't know any spells.
Your spell library was empty.

Dungeon Overview and Level Annotations

Branches:
Dungeon (4/15)
 Temple: D:4-7

Altars:


Innate Abilities, Weirdness & Mutations

You have a beak for a mouth.
You have claws for feet.
Your magical nature lets you fly swiftly and evasively.


Message History

You fly downwards.
The hatch slams shut behind you.
You hear the sound of rushing water.
There is an entrance to a sewer on this level.
Hurry and find it before the portal rusts away!
Found an escape hatch in the floor.
Unknown command.
You shoot a bolt.
The bolt hits the iguana but does no damage.
You shoot a bolt. The bolt hits the iguana.
The iguana is moderately wounded.
You shoot a bolt. The bolt hits the iguana!
The iguana is almost dead.
You shoot a bolt. The bolt hits the iguana.
You kill the iguana!
Your Dodging skill increases to level 5!
A ball python comes into view.
The ball python hisses angrily.
You shoot a bolt. The bolt hits the ball python!
You kill the ball python!
An ogre comes into view. It is wielding a +0 giant club.
You shoot a bolt. The bolt barely misses the ogre.
You shoot a bolt. The bolt hits the ogre!
The ogre is moderately wounded.
You shoot a bolt. The bolt barely misses the ogre.
You shoot a bolt. The bolt hits the ogre.
The ogre is moderately wounded.
Your +2 dagger of freezing glows with a cold blue light!
b - a +2 dagger of freezing (weapon)
You hit the ogre. You freeze the ogre. You claw the ogre.
The ogre is severely wounded.
The ogre hits you with a +0 giant club!
You barely miss the ogre.
The ogre is severely wounded.
The ogre hits you with a +0 giant club!
* * * LOW HITPOINT WARNING * * *
You hit the ogre but do no damage. You claw the ogre.
The ogre is severely wounded.
You hit the ogre. You freeze the ogre. You peck the ogre.
The ogre is almost dead.
The ogre hits you with a +0 giant club!
You die...

##########
.........# ###....##
##....# # #.....# .#
#...### .. #>..#
.####
#####...######......
............@O......
#####...######......
+...............
#...######. ....
#...# ... ##### ##


You could see an ogre.

Vanquished Creatures
  Jessica (D:3)
  Terence (D:3)
  An iguana (D:4)
  Natasha (thrice) (D:2)
  4 adders
  2 worms (D:2)
  4 dart slugs
  An orc (D:3)
  3 endoplasms
  3 giant cockroaches
  2 goblins (D:3)
  8 hobgoblins
  2 jackals (D:2)
  A quokka (D:1)
  4 ball pythons
  6 bats
  3 frilled lizards (D:1)
  5 kobolds
  5 rats
59 creatures vanquished.

Vanquished Creatures (others)
  7 plants (D:1)
7 creatures vanquished.

Grand Total: 66 creatures vanquished

Notes
Turn   | Place    | Note
-------+----------+-------------------------------------------
     0 | D:1      | Miritol the Tengu Hunter began the quest for the Orb.
     0 | D:1      | Reached XP level 1. HP: 12/12 MP: 2/2
   139 | D:1      | Reached XP level 2. HP: 17/17 MP: 3/3
   624 | D:1      | Reached XP level 3. HP: 21/21 MP: 4/4
   745 | D:1      | Reached skill level 5 in Crossbows
  1424 | D:2      | Noticed Natasha
  1426 | D:2      | Reached XP level 4. HP: 26/26 MP: 5/5
  1470 | D:2      | Killed Natasha
  1586 | D:2      | Noticed Natasha
  1787 | D:2      | Killed Natasha
  1868 | D:2      | Gained mutation: Your magical nature lets you fly swiftly
                  | and evasively. [Tengu growth]
  1868 | D:2      | Reached XP level 5. HP: 22/30 MP: 6/6
  1896 | D:2      | Noticed Natasha
  1898 | D:2      | Killed Natasha
  2123 | D:3      | Identified the +1 cloak of Eternal Vigilance {Contam rPois
                  | Str+2 Int+7}
  2298 | D:3      | Noticed Jessica
  2306 | D:3      | Killed Jessica
  2307 | D:3      | Reached skill level 6 in Crossbows
  2372 | D:3      | Noticed Terence
  2381 | D:3      | Killed Terence
  2530 | D:3      | Reached XP level 6. HP: 35/35 MP: 7/7
  2765 | D:4      | Reached skill level 5 in Dodging
  2795 | D:4      | Mangled by an ogre

Illustrated notes

Levels and vault maps discovered:
D:1:      minmay_arrival_jagged, layout_loops_ring, serial_bayou,
          serial_bayou_pond_c, serial_bayou_shore_b, serial_bayou_pond_e,
          serial_bayou_shore_a
D:2:      layout_basic, minmay_misc_feat_columns, uniq_natasha
D:3:      layout_loops_ring, uniq_jessica, uniq_terence
D:4:      layout_basic, regret_index_temple_of_mockery, gup_sewer_entry_bowl,
          grunt_decor_cap, grunt_ministairs_9

Skill      XL: |  1  2  3  4  5  6 |
---------------+-------------------+-----
Dodging        | 3 4 5 |  5.0
Crossbows      | 5 6 |  6.4
Fighting       | |  2.0
Stealth        | |  1.0

Action                   |  1- 3 |  4- 6 || total
-------------------------+-------+-------++-------
Melee: Dagger            |     9 |    19 ||    28
       Kick              |     3 |     3 ||     6
       Peck              |     1 |     6 ||     7
 Fire: Hand crossbow     |    67 |    70 ||   137
Armor: Leather armour    |     5 |     4 ||     9
Dodge: Dodged            |    11 |    14 ||    25

Table legend: (Time is in decaauts)
 A = Elapsed time spent in this place.
 B = Non-inter-level travel time spent in this place.
 C = Inter-level travel time spent in this place.
 D = Time resting spent in this place.
 E = Time spent auto-exploring this place.
 F = Levels seen in this place.
 G = Mean time per level.
                   A        B        C        D        E       F      G
               +--------+--------+--------+--------+--------+-----+--------+
         Total |   2776 |   2679 |     97 |    283 |   1955 |   4 |  694.0 |
       Dungeon |   2776 |   2679 |     97 |    283 |   1955 |   4 |  694.0 |
               +--------+--------+--------+--------+--------+-----+--------+

Top non-repeatable levels by time:
     D:1: 1245 daAuts
     D:2: 885 daAuts
     D:3: 611 daAuts
     D:4: 34 daAuts
